 Dungeon Crawl Stone Soup version 0.32-a0-171-g4625e66871 (webtiles) character file.

Game seed: 4111936587323632072

237 Ge0ff the Shooter (level 5, -6/41 HPs)
             Began as a Mummy Brigand on Feb 12, 2024.
             Killed by an exploding hound (33 damage)
             ... ignited by their inner flame
             ... on level 4 of the Dungeon.
             The game lasted 00:06:45 (2321 turns).

Ge0ff the Shooter (Mummy Brigand)                   Turns: 2321, Time: 00:06:46

Health: -6/41      AC:  5    Str: 14    XL:     5   Next: 77%
Magic:  5/5        EV: 12    Int: 10    God:
Gold:   28         SH:  0    Dex: 16    Spells: 4/4 levels left

rFire   x . .        b - +0 sling
rCold   + . .        (no shield)
rNeg    + + +        I - +0 robe
rPois   ∞            z - +0 helmet
rElec   .            c - +0 cloak
rCorr   .            G - +0 pair of gloves
SInv    .            (no boots)
Will    .....        (no amulet)
Stlth   ++           (no ring)
HPRegen 0.26/turn    (no ring)
MPRegen 0.09/turn

%: faith
@: no status effects
A: cold resistance 1, negative energy resistance 3, torment resistance 2, heat
vulnerability 1, in touch with death 1, no potions, faith
a: no special abilities


You were on level 4 of the Dungeon.
You visited 1 branch of the dungeon, and saw 4 of its levels.
You also visited: Ossuary.

You collected 124 gold pieces.
You spent 96 gold pieces at shops.

Inventory:

Hand Weapons
 a - a +2 dagger of flaming
 b - a +0 sling (weapon)
 D - a +2 dagger
Missiles
 d - 5 poisoned darts
 v - 3 curare-tipped darts {=F}
 w - 2 datura-tipped darts {=F}
 J - 31 stones
Armour
 c - a +0 cloak (worn)
 z - a +0 helmet (worn)
 G - a +0 pair of gloves (worn)
 I - a +0 robe (worn)
Scrolls
 B - 2 scrolls of blinking
 C - 2 scrolls of poison
 E - a scroll of fear
 F - a scroll of fog
 H - a scroll of enchant weapon
 K - a scroll of torment {unknown}


   Skills:
 - Level 3.0 Fighting
 - Level 3.0 Short Blades
 + Level 3.3 Ranged Weapons
 - Level 1.5 Throwing
 - Level 1.0 Dodging
 - Level 3.2 Stealth


You had 4 spell levels left.
You didn't know any spells.
Your spell library contained the following spells:

 Spells                   Type           Power      Damage    Failure   Level
 Apportation              Tloc           0%         N/A       36%         1
 Necrotise                Necr           0%         1d4       36%         1
 Sting                    Conj/Alch      0%         1d3       36%         1
 Summon Small Mammal      Summ           0%         N/A       36%         1
 Cigotuvi's Dreadful Rot  Necr/Alch/Air  0%         N/A       50%         2
 Frozen Ramparts          Ice            0%         1d1       75%         3
 Ignite Poison            Fire/Alch      0%         N/A       98%         4
 Leda's Liquefaction      Alch/Erth      0%         N/A       98%         4
 Petrify                  Alch/Erth      0%         N/A       98%         4
 Freezing Cloud           Conj/Ice/Air   0%         6-21      100%        5
 Metabolic Englaciation   Hex/Ice        0%         N/A       100%        5


Dungeon Overview and Level Annotations

Branches:
Dungeon (4/15) Zot: 21700 Ossuary (visited)
 Temple: D:4-7

Altars:
Kikubaaqudgha
Nemelex Xobeh

Shops:
D:3 ?

Annotations:
D:3 Grinder


Innate Abilities, Weirdness & Mutations

You are immune to poison.
Your flesh is cold resistant. (rC+)
You are immune to negative energy. (rN+++)
You are immune to unholy pain and torment.
You are vulnerable to heat. (rF-)
You are in touch with the powers of death.
You do not drink.
You have a special connection with the divine. (Faith)


Message History

The hound barely misses you. The wight hits you but does no damage.
The hound barely misses you.
You shoot a sling bullet.
The sling bullet closely misses the hound.
The sling bullet hits the wight.
The wight is lightly damaged.
The hound bites you but does no damage.
A wight comes into view. It is wielding a +3 flail.
A kobold comes into view. It is wielding a +0 short sword.
The wight closely misses you. The hound closely misses you.
You shoot a sling bullet.
The sling bullet barely misses the hound.
The sling bullet hits the wight.
The wight is moderately damaged.
The wight hits you from afar with a +0 spear.
The hound barely misses you. The wight closely misses you.
You shoot a sling bullet. The sling bullet hits the hound.
The hound is heavily wounded.
The hound closely misses you. The hound bites you.
The wight closely misses you.
A wight comes into view.
It is wielding a +4 battleaxe of freezing.
As you read the scroll of immolation, it crumbles to dust.
The creatures around you are filled with an inner flame!
The hound barely misses you. The wight misses you.
The hound bites you but does no damage.
Fire: b) +0 sling
Press: ? - help, Q - select action, (/) - cycle Shift-Dir - straight line, f/p - hound
Aim: a hound (heavily wounded, inner flame, 48% to hit)
You shoot a sling bullet.
The sling bullet closely misses the hound.
The sling bullet hits the wight but does no damage.
The wight is moderately damaged.
The hound misses you. The wight closely misses you.
The hound bites you but does no damage.
Fire: b) +0 sling
Press: ? - help, Q - select action, (/) - cycle Shift-Dir - straight line, f/p - hound
Aim: a hound (heavily wounded, inner flame, 48% to hit)
You shoot a sling bullet. The sling bullet misses the hound.
The sling bullet hits the wight.
Flame seeps out of the wight.
The wight is heavily damaged.
The hound bites you.
The wight is engulfed in blazing flames.
The wight explodes!
The fiery explosion engulfs the wight!!!
The fiery explosion engulfs the hound!!!
The hound explodes!
The fiery explosion engulfs you!! The fire burns you terribly!
Ouch! That really hurt!
You die...

,,,,,,,*,,,,* #.#
,,,,>*,*,**** #.#
,,,,,*,*,* #.#
******,*,* #.# *
*,*,* #.# *
****,*,** #.# *
*,,,,,,,* #.# *
*,,,,,,.#######.#
*
*,,,,,,..zg§○.@.#
*
*<,,,,,..KB######
***,,,,,,.**,*
,,*,,,,,,,**,*
,,*,,,,,,,**,*
,,**********,*
,** *,,,,,,* ,*
*,****** ,* *,*


You could see a bombardier beetle (inner flame), a wight (inner flame), a
hobgoblin (inner flame) and a kobold (inner flame).

Vanquished Creatures
  A burial acolyte (D:4)
  2 wights (D:4)
  2 hounds (D:4)
  A jelly (D:2)
  A mummy (D:4)
  2 adders
  A ribbon worm (D:4)
  A dart slug (D:4)
  An orc (D:3)
  6 endoplasms
  4 giant cockroaches
  11 hobgoblins
  8 jackals
  8 kobolds
  A quokka (D:1)
  6 ball pythons
  8 bats
  2 frilled lizards (D:1)
  16 goblins
  5 rats
87 creatures vanquished.

Notes
Turn   | Place    | Note
-------+----------+-------------------------------------------
     0 | D:1      | Ge0ff the Mummy Brigand began the quest for the Orb.
     0 | D:1      | Reached XP level 1. HP: 16/16 MP: 1/1
   178 | D:1      | Reached XP level 2. HP: 21/22 MP: 2/2
   623 | D:1      | Reached XP level 3. HP: 26/27 MP: 3/3
  1182 | D:2      | Reached skill level 1 in Dodging
  1182 | D:2      | Reached skill level 1 in Ranged Weapons
  1182 | D:2      | Reached XP level 4. HP: 24/35 MP: 4/4
  1460 | D:3      | Found Katyowk's Magic Scroll Emporium.
  1461 | D:3      | Noticed Grinder
  1478 | D:3      | Bought a scroll of identify for 24 gold pieces
  1478 | D:3      | Bought a scroll of immolation for 48 gold pieces
  1478 | D:3      | Bought a scroll of identify for 24 gold pieces
  1585 | D:3      | Found an ancient bone altar of Kikubaaqudgha.
  1585 | D:3      | Found a sparkling altar of Nemelex Xobeh.
  1761 | D:3      | Paralysed by Grinder for 5 turns
  1791 | D:4      | Found a sand-covered staircase.
  1799 | Ossuary  | Entered an ossuary
  1832 | D:4      | Reached XP level 5. HP: 11/41 MP: 5/5
  2321 | D:4      | Killed by an exploding hound... ignited by their inner
                  | flame

Illustrated notes

Levels and vault maps discovered:
D:1:      orjb1_clovarrival, layout_basic
D:2:      layout_rooms
D:3:      layout_basic, chequers_temple_overflow_statue_of_worship,
          serial_shops, nicolae_shop_tiny_statue_garden, uniq_grinder
D:4:      layout_loops_ring, nicolae_ossuary_entry_plus

Skill      XL: |  1  2  3  4  5 |
---------------+----------------+-----
Short Blades   | 2 3 |  3.0
Fighting       | 3 |  3.0
Dodging        | 1 |  1.0
Ranged Weapons | 1 2 3 |  3.3
Throwing       | |  1.5
Stealth        | |  3.2

Action                     |  1- 3 |  4- 6 || total
---------------------------+-------+-------++-------
  Melee: Dagger            |   134 |    33 ||   167
   Fire: Sling             |       |    72 ||    72
  Throw: Dart              |    17 |     3 ||    20
    Use: Scroll            |       |     8 ||     8
   Stab: Sleeping          |     5 |     4 ||     9
 Armour: Robe              |    52 |    48 ||   100
  Dodge: Dodged            |    54 |    40 ||    94

Table legend: (Time is in decaauts)
 A = Elapsed time spent in this place.
 B = Non-inter-level travel time spent in this place.
 C = Inter-level travel time spent in this place.
 D = Time resting spent in this place.
 E = Time spent auto-exploring this place.
 F = Levels seen in this place.
 G = Mean time per level.
                   A        B        C        D        E       F      G
               +--------+--------+--------+--------+--------+-----+--------+
         Total |   2326 |   2238 |     88 |    129 |   1339 |   5 |  465.2 |
       Dungeon |   2298 |   2210 |     88 |    121 |   1339 |   4 |  574.5 |
       Ossuary |     27 |     27 |      0 |      8 |      0 |   1 |   27.0 |
               +--------+--------+--------+--------+--------+-----+--------+

Top non-repeatable levels by time:
     D:1: 701 daAuts
     D:2: 568 daAuts
     D:3: 522 daAuts
     D:4: 505 daAuts
 Ossuary: 27 daAuts
